 Dungeon Crawl Stone Soup version 0.28.0-45-g0d030f2227 (webtiles) character file.

Game seed: 5430011887168905984

368 Descartes the Ruffian (level 6, -1/59 HPs)
             Began as a Troll Warper on Apr 5, 2022.
             Was a Priest of Cheibriados.
             Slain by a killer bee (3 damage)
             ... on level 4 of the Dungeon.
             The game lasted 00:03:39 (2167 turns).

Descartes the Ruffian (Troll Warper)                Turns: 2167, Time: 00:03:40

Health: -1/59      AC:  4    Str: 28    XL:     6   Next: 41%
Magic:  7/7        EV: 10    Int: 19    God:    Cheibriados [***...]
Gold:   80         SH:  0    Dex: 17    Spells: 8/8 levels left

rFire   . . .      SeeInvis .     - Unarmed
rCold   . . .      Faith    .   (no shield)
rNeg    . . .      Spirit   .   a - +0 robe
rPois   .          Reflect  .   (helmet restricted)
rElec   .          Harm     .   (no cloak)
rCorr   .          Rampage  .   (gloves unavailable)
Will    .....                   (boots unavailable)
Stlth   ++........              (no amulet)
HPRegen 0.99/turn               (no ring)
MPRegen 0.10/turn               (no ring)

@: lethally poisoned (-1 -> -2), very slow
A: large, unfitting armour, claws 3, regeneration 1, shaggy fur 1, tough skin 1
a: Renounce Religion, Bend Time, Temporal Distortion


You were on level 4 of the Dungeon.
You worshipped Cheibriados.
Cheibriados was most pleased with you.
You visited 1 branch of the dungeon, and saw 4 of its levels.

You collected 80 gold pieces.

Inventory:

Missiles
 c - 5 boomerangs of dispersal (quivered)
 j - 16 stones
 l - 2 boomerangs
 n - 7 poisoned darts
Armour
 a - a +0 robe (worn)
Jewellery
 o - a ring of willpower
Wands
 i - a wand of digging (5)
Scrolls
 e - a scroll of vulnerability {unknown}
 f - a scroll of identify {unknown}
 g - a scroll of torment {unknown}
 k - a scroll of fear {unknown}
Potions
 d - a potion of magic {unknown}
 h - 2 potions of curing {unknown}
 m - a potion of cancellation {unknown}
 p - a potion of might {unknown}


   Skills:
 + Level 2.6 Fighting
 + Level 2.2 Throwing
 + Level 2.6 Dodging
 + Level 3.1 Unarmed Combat
 + Level 1.9 Spellcasting
 + Level 2.8 Translocations
 + Level 1.3 Invocations
 + Level 1.1 Evocations


You had 8 spell levels left.
You didn't know any spells.
Your spell library contained the following spells:

 Spells                   Type           Power      Damage    Failure   Level
 Blink                    Tloc           24%        N/A       9%          2
 Gell's Gravitas          Tloc           12%        N/A       16%         3
 Lesser Beckoning         Tloc           12%        N/A       16%         3
 Teleport Other           Tloc           12%        N/A       16%         3
 Manifold Assault         Tloc           12%        N/A       83%         5


Dungeon Overview and Level Annotations

Branches:
Dungeon (4/15)
 Temple: D:4-7

Altars:
Cheibriados
Uskayaw


Innate Abilities, Weirdness & Mutations

You are too large for most types of armour.
You have claws for hands.
Your natural rate of healing is unusually fast.
You are covered in fur. (AC +1)
You have tough skin. (AC +1)


Message History

The killer bee barely misses you.
You miss the killer bee.
The killer bee is heavily wounded.
The killer bee stings you.
A killer bee comes into view.
The ogre barely misses you.
You miss the killer bee.
The killer bee is heavily wounded.
The killer bee stings you. The killer bee stings you!
* * * LOW HITPOINT WARNING * * *
Blink to where?
Press: ? - help, Dir - move target
As you read the scroll of blinking, it crumbles to dust.
The killer bee stings you!
* * * LOW HITPOINT WARNING * * *
The killer bee misses you. The killer bee barely misses you.
The killer bee stings you but does no damage.
The killer bee stings you.
* * * LOW HITPOINT WARNING * * *
The killer bee misses you. The killer bee closely misses you.
The killer bee stings you.
* * * LOW HITPOINT WARNING * * *
The killer bee closely misses you. The killer bee barely misses you.
The killer bee barely misses you. The killer bee stings you.
* * * LOW HITPOINT WARNING * * *
The killer bee barely misses you. The killer bee misses you.
The killer bee stings you but does no damage.
The killer bee completely misses you. The killer bee barely misses you.
The killer bee stings you.
* * * LOW HITPOINT WARNING * * *
The killer bee stings you.
* * * LOW HITPOINT WARNING * * *
The killer bee stings you.
* * * LOW HITPOINT WARNING * * *
You are poisoned.
The killer bee poisons you!
There is a stone staircase leading up, spattered with blood here.
You feel sick. The killer bee stings you.
You die...

#######..##.### #.#.#
............# #...
#######..#..# #..
#..##.# #.#
#))##.#####.#
#))##......ยง#
#..O.....####
##.#############.#
#.####...##..Oy@......#
#...........###########
######...####
........## #########


You could see an ogre and a killer bee.

Vanquished Creatures
  Grinder (D:3)
  An orc wizard (D:4)
  A hound skeleton (D:4)
  5 adders
  2 worms (D:3)
  A dart slug (D:1)
  6 orcs
  4 ball pythons
  7 endoplasms
  5 giant cockroaches
  5 hobgoblins
  3 jackals
  8 kobolds
  2 quokkas
  9 bats
  5 frilled lizards
  6 goblins
  4 rats
75 creatures vanquished.

Vanquished Creatures (others)
  A fungus (D:1)
1 creature vanquished.

Grand Total: 76 creatures vanquished

Notes
Turn   | Place    | Note
-------+----------+-------------------------------------------
     0 | D:1      | Descartes the Troll Warper began the quest for the Orb.
     0 | D:1      | Reached XP level 1. HP: 19/19 MP: 1/1
    76 | D:1      | Reached skill level 1 in Throwing
    89 | D:1      | Found a faded altar of an unknown god.
   103 | D:1      | Prayed at the altar of an unknown god.
   103 | D:1      | Became a worshipper of Cheibriados the Contemplative
   103 | D:1      | Reached * piety under Cheibriados
   116 | D:1      | Reached XP level 2. HP: 28/28 MP: 3/3
   250 | D:1      | Reached ** piety under Cheibriados
   479 | D:1      | Reached XP level 3. HP: 34/35 MP: 4/4
  1332 | D:2      | You fall into a shaft and drop 1 floor!
  1339 | D:3      | Reached *** piety under Cheibriados
  1359 | D:3      | Reached XP level 4. HP: 40/42 MP: 5/5
  1478 | D:3      | Noticed Grinder
  1485 | D:3      | Killed Grinder
  1486 | D:3      | Reached skill level 3 in Unarmed Combat
  1486 | D:3      | Reached skill level 1 in Invocations
  1486 | D:3      | Reached XP level 5. HP: 7/50 MP: 6/6
  1486 | D:3      | Reached XP level 6. HP: 8/59 MP: 7/7
  1624 | D:3      | Found a hide-covered altar of Uskayaw.
  1626 | D:3      | Reached skill level 1 in Evocations
  2166 | D:4      | HP: 2/59 [killer bee (5)]
  2167 | D:4      | Slain by a killer bee

Illustrated notes

Levels and vault maps discovered:
D:1:      dpeg_cavernosity, layout_basic,
          hellmonk_ecumenical_altar_leap_of_faith, item_on_display_a
D:2:      layout_loops_ring
D:3:      layout_loops_ring, mainiacjoe_overflow_cross_hatched, uniq_grinder
D:4:      layout_loops_ring, gammafunk_temple_overflow_elements,
          ebering_ghost_sewer_d

Skill      XL: |  1  2  3  4  5  6 |
---------------+-------------------+-----
Throwing       | 1 2 |  2.2
Dodging        | 2 |  2.6
Fighting       | 2 |  2.6
Unarmed Combat | 3 |  3.1
Invocations    | 1 |  1.3
Evocations     | 1 |  1.1
Spellcasting   | |  1.9
Translocations | |  2.8

Action                   |  1- 3 |  4- 6 || total
-------------------------+-------+-------++-------
Melee: Unarmed           |   119 |    76 ||   195
       Punch             |     4 |     1 ||     5
  Use: Scroll            |       |     1 ||     1
 Stab: Sleeping          |     1 |     1 ||     2
Armor: Robe              |    40 |    22 ||    62
Dodge: Dodged            |    56 |    46 ||   102
